 Dungeon Crawl Stone Soup version 0.28-a0-1447-ga5a8893891 (webtiles) character file.

Game seed: 14251676549109517401

137 a3don the Chopper (level 5, -10/47 HPs)
             Began as a Hill Orc Monk on Jan 12, 2022.
             Mangled by a wyvern (15 damage)
             ... on level 4 of the Dungeon.
             The game lasted 00:05:04 (3678 turns).

a3don the Chopper (Hill Orc Monk)                   Turns: 3678, Time: 00:05:04

Health: -10/47     AC:  7    Str: 16    XL:     5   Next: 20%
Magic:  5/5        EV: 10    Int: 10    God:
Gold:   144        SH:  5    Dex: 13    Spells: 4/4 levels left

rFire   . . .      SeeInvis .   a - +0 hand axe
rCold   . . .      Faith    .   (no shield)
rNeg    . . .      Spirit   .   l - +0 scale mail
rPois   .          Reflect  +   (no helmet)
rElec   .          Harm     .   (no cloak)
rCorr   .          Rampage  .   k - +0 pair of gloves
Will    .....                   (no boots)
Stlth   ..........              q - amulet of reflection
HPRegen 0.15/turn               (no ring)
MPRegen 0.09/turn               (no ring)

@: no status effects
A: no striking features
a: no special abilities


You were on level 4 of the Dungeon.
You visited 1 branch of the dungeon, and saw 4 of its levels.

You collected 144 gold pieces.

Inventory:

Hand Weapons
 a - a +0 hand axe (weapon)
 h - a +1 dagger of venom
Missiles
 g - 15 arrows
 i - 33 poisoned darts (quivered)
 j - 6 silver javelins
Armour
 b - a +0 robe
 k - a +0 pair of gloves (worn)
 l - a +0 scale mail (worn)
 m - a +0 ring mail
 n - an orb of energy
 t - an orb of wrath
Jewellery
 q - an amulet of reflection (around neck)
Scrolls
 c - a scroll of teleportation {unknown}
 d - 8 scrolls of identify {unknown}
 e - a scroll of immolation {unknown}
 o - a scroll of fear {unknown}
 s - a scroll of blinking {unknown}
 u - a scroll of silence {unknown}
Potions
 f - 2 potions of heal wounds
 p - a potion of cancellation {unknown}
 r - a potion of curing {unknown}


   Skills:
 + Level 4.4 Fighting
 * Level 5.8 Axes
 * Level 1.6 Armour
 + Level 3.0 Dodging
 - Level 1.5 Stealth


You had 4 spell levels left.
You didn't know any spells.
Your spell library was empty.

Dungeon Overview and Level Annotations

Branches:
Dungeon (4/15)
 Temple: D:4-7

Altars:


Message History

You barely miss the adder.
The adder is severely wounded.
You block the adder's attack.
You closely miss the adder.
The adder is severely wounded.
The adder bites you but does no damage.
You miss the adder.
The adder is severely wounded.
The adder bites you but does no damage. The adder bites you.
You hit the adder.
You kill the adder!
No target in view!
No target in view!
A wyvern comes into view.
The wyvern hisses angrily.
A wyvern is nearby!
A wyvern is nearby!
A wyvern is nearby!
The wyvern bites you!
You barely miss the wyvern.
The wyvern bites you but does no damage.
You barely miss the wyvern. The wyvern barely misses you. The wyvern bites you.
You completely miss the wyvern. The wyvern bites you!
You are too injured to fight recklessly!
You are too injured to fight recklessly!
You are too injured to fight recklessly!
You are too injured to fight recklessly!
You are too injured to fight recklessly!
You closely miss the wyvern. The wyvern bites you!
* * * LOW HITPOINT WARNING * * *
The wyvern closely misses you.
You barely miss the wyvern. The wyvern closely misses you.
You hit the wyvern but do no damage. The wyvern barely misses you.
The wyvern bites you!
* * * LOW HITPOINT WARNING * * *
You closely miss the wyvern. The wyvern barely misses you.
You hit the wyvern.
The wyvern is lightly wounded.
The wyvern barely misses you. The wyvern bites you!
You die...

# .##. #####....
##....#.# ##.......##
##.........#
##...@l......
###............
##..............
#...............
##...............
##................
#......................#
#......................#
#......................#


You could see a wyvern.

Vanquished Creatures
  5 adders
  An adder skeleton (D:4)
  2 worms (D:3)
  4 dart slugs
  5 orcs (D:4)
  5 bats
  6 endoplasms
  2 giant cockroaches (D:1)
  7 goblins
  9 hobgoblins
  3 quokkas
  10 ball pythons
  2 frilled lizards
  4 kobolds
  4 rats
69 creatures vanquished.

Notes
Turn   | Place    | Note
-------+----------+-------------------------------------------
     0 | D:1      | a3don the Hill Orc Monk began the quest for the Orb.
     0 | D:1      | Reached XP level 1. HP: 19/19 MP: 1/1
   461 | D:1      | Reached XP level 2. HP: 26/27 MP: 2/2
   639 | D:1      | Reached XP level 3. HP: 8/33 MP: 3/3
  1744 | D:2      | Reached skill level 5 in Axes
  2139 | D:2      | Reached XP level 4. HP: 31/40 MP: 4/4
  2338 | D:2      | You fall into a shaft and drop 1 floor!
  2586 | D:3      | Found a faded altar of an unknown god.
  2939 | D:4      | Reached skill level 1 in Armour
  3381 | D:4      | Reached XP level 5. HP: 42/47 MP: 5/5
  3668 | D:4      | Noticed a wyvern
  3678 | D:4      | Mangled by a wyvern

Illustrated notes

Levels and vault maps discovered:
D:1:      dpeg_arrival_castle, layout_loops_ring, minmay_tiny_reverse_x
D:2:      layout_rooms, minivault_24
D:3:      layout_rooms, shapermc_ecumenical_altar_notcrosses, feat_on_display
D:4:      layout_cave_pods

Skill      XL: |  1  2  3  4 |
---------------+-------------+-----
Fighting       | 4 |  4.4
Axes           | 5 |  5.8
Armour         | 1 |  1.6
Dodging        | 3 |  3.0
Stealth        | |  1.5

Action                   |  1- 3 |  4- 6 || total
-------------------------+-------+-------++-------
Melee: Hand axe          |   149 |   166 ||   315
       Punch             |     1 |     5 ||     6
Throw: Dart              |     1 |       ||     1
  Use: Potion            |     1 |       ||     1
 Stab: Sleeping          |     4 |       ||     4
Armor: Robe              |    21 |       ||    21
       Scale mail        |     7 |    54 ||    61
Dodge: Dodged            |   106 |    66 ||   172
Block: Other             |       |    16 ||    16
       Reflection        |       |     1 ||     1

Table legend: (Time is in decaauts)
 A = Elapsed time spent in this place.
 B = Non-inter-level travel time spent in this place.
 C = Inter-level travel time spent in this place.
 D = Time resting spent in this place.
 E = Time spent auto-exploring this place.
 F = Levels seen in this place.
 G = Mean time per level.
                   A        B        C        D        E       F      G
               +--------+--------+--------+--------+--------+-----+--------+
         Total |   3693 |   3605 |     88 |   1477 |   1481 |   4 |  923.2 |
       Dungeon |   3693 |   3605 |     88 |   1477 |   1481 |   4 |  923.2 |
               +--------+--------+--------+--------+--------+-----+--------+

Top non-repeatable levels by time:
     D:1: 1905 daAuts
     D:4: 788 daAuts
     D:3: 553 daAuts
     D:2: 445 daAuts
